 Dungeon Crawl Stone Soup version 0.29.1-1-gd02db6906a (webtiles) character file.

Game seed: 12287581442478244967

543 Ashen the Conjurer (level 7, 51/51 HPs)
             Began as a Demonspawn Conjurer on Oct 3, 2022.
             Got out of the dungeon alive.
             The game lasted 00:05:54 (4354 turns).

Ashen the Conjurer (Demonspawn Conjurer)            Turns: 4354, Time: 00:05:55

Health: 51/51      AC:  4    Str:  7    XL:     7   Next: 6%
Magic:  13/13      EV: 16    Int: 21    God:
Gold:   209        SH:  0    Dex: 12    Spells: 8/14 levels left

rFire   . . .      SeeInvis .   u - +0 rapier
rCold   . . .      Faith    .   (no shield)
rNeg    . . .      Spirit   .   c - +0 leather armour
rPois   .          Reflect  .   (no helmet)
rElec   .          Harm     .   s - +0 cloak
rCorr   .          Rampage  .   (no gloves)
Will    +....                   (no boots)
Stlth   ++........              (no amulet)
HPRegen 0.17/turn               d - ring of willpower
MPRegen 0.13/turn               x - +4 ring of evasion

@: no status effects
A: foul stench 2, spiny 2, demonic touch 1
a: no special abilities


You escaped.
You visited 1 branch of the dungeon, and saw 6 of its levels.

You collected 209 gold pieces.

Inventory:

Hand Weapons
 u - a +0 rapier (weapon)
Missiles
 e - a throwing net
Armour
 c - a +0 leather armour (worn)
 p - a +0 buckler
 s - a +0 cloak (worn)
Jewellery
 d - a ring of willpower (left hand)
 o - a ring of fire
 x - a +4 ring of evasion (right hand)
Wands
 v - a wand of charming (6)
 y - a wand of polymorph (10)
Scrolls
 g - a scroll of fear {unknown}
 h - 4 scrolls of identify {unknown}
 i - a scroll of acquirement {unknown}
 j - a scroll of blinking {unknown}
 m - a scroll of immolation {unknown}
 r - 2 scrolls of enchant armour {unknown}
 t - a scroll of brand weapon {unknown}
 w - a scroll of butterflies {unknown}
 z - a scroll of teleportation {unknown}
Potions
 a - a potion of haste {unknown}
 b - a potion of magic
 f - 2 potions of lignification {unknown}
 k - a potion of curing {unknown}
 l - a potion of degeneration {unknown}
 n - a potion of brilliance {unknown}
 q - a potion of mutation {unknown}


   Skills:
 + Level 2.4 Fighting
 + Level 2.9 Dodging
 + Level 3.2 Stealth
 * Level 4.1 Spellcasting
 * Level 5.7 Conjurations


You had 8 spell levels left.
You knew the following spells:

 Your Spells              Type           Power      Damage    Failure   Level
a - Magic Dart            Conj           100%       1d8       1%          1
b - Searing Ray           Conj           56%        2d6       2%          2
c - Dazzling Flash        Conj/Hex       32%        N/A       16%         3

Your spell library contained the following spells:

 Spells                   Type           Power      Damage    Failure   Level
 Fulminant Prism          Conj/Hex       8%         3d7       47%         4
 Iskenderun's Mystic Bla  Conj/Tloc      16%        2d5       47%         4


Dungeon Overview and Level Annotations

Branches:
Dungeon (6/15)
 Temple: D:4-7

Altars:
Hepliaklqana

Shops:
D:2 =   D:3 =


Innate Abilities, Weirdness & Mutations

You sometimes emit foul miasma when damaged in melee.
You are mostly covered in sharp spines.
Your touch may inflict minor irresistible damage on your foes.


Message History

Confirm with . or Enter, or press ? or * to list all spells.
Aiming: Magic Dart (safe; 1% risk of failure)
Press: ? - help, Shift-Dir - straight line, f/p - sky beast
Aim: a sky beast (heavily wounded, 100% to hit)
The magic dart hits the sky beast.
The sky beast is severely wounded.
Casting: Magic Dart (safe; 1% risk of failure)
Confirm with . or Enter, or press ? or * to list all spells.
Aiming: Magic Dart (safe; 1% risk of failure)
Press: ? - help, Shift-Dir - straight line, f/p - sky beast
Aim: a sky beast (severely wounded, 100% to hit)
The magic dart hits the sky beast.
The sky beast is almost dead.
The sky beast flickers out of sight!
Deactivating autopickup; reactivate with Ctrl-A.
Something closely misses you.
Reactivating autopickup.
You feel a bit more experienced.
Your Spellcasting skill increases to level 4!
You have reached level 7!
Your demonic ancestry asserts itself...
Sharp spines emerge from more of your body.
There is a stone staircase leading up here.
(D) Dungeon
Where to? (Enter - D:1, ? - help)
There is a stone staircase leading up here.
You climb upwards.
There is a stone staircase leading down here.
There is a stone staircase leading up here.
You climb upwards.
There is a stone staircase leading down here.
Magic restored.
There is a stone staircase leading up here.
You climb upwards.
There is a stone staircase leading down here.
There is an open door here.
There is an open door here.
There is a staircase leading out of the dungeon here.
Are you sure you want to leave the Dungeon?
This will make you lose the game!
You have escaped!

#######..#........
####...#.....###†..
#..#.#.#.....##....
#.##.###.#######...
#........# #...
#+##.....#### ##.#
#.......###.## #.#
#.##.###.....# ##'#
#.@#.#.####.####...
####...# #.###....
########.##.....
##...##.#......
#.......'......
##...#.##......
##.##.###.....
####.# ##.... #.#
##...


There were no monsters in sight!

Vanquished Creatures
  A wyvern (D:4)
  A sky beast (D:4)
  A phantom (D:5)
  A hound (D:5)
  A jelly (D:5)
  An orc priest (D:4)
  Jessica (D:3)
  3 adders
  An ufetubus (D:4)
  2 worms
  2 dart slugs (D:1)
  3 orcs (D:4)
  4 bats
  5 endoplasms
  2 giant cockroaches (D:1)
  10 goblins
  9 hobgoblins
  6 jackals
  10 kobolds
  A quokka (D:3)
  9 ball pythons
  2 frilled lizards (D:1)
  2 rats
78 creatures vanquished.

Notes
Turn   | Place    | Note
-------+----------+-------------------------------------------
     0 | D:1      | Ashen the Demonspawn Conjurer began the quest for the Orb.
     0 | D:1      | Reached XP level 1. HP: 13/13 MP: 3/3
   359 | D:1      | Gained mutation: You are partially covered in sharp spines.
                  | [demonic ancestry]
   359 | D:1      | Reached XP level 2. HP: 19/20 MP: 1/5
   860 | D:1      | Gained mutation: Your touch may inflict minor irresistible
                  | damage on your foes. [demonic ancestry]
   860 | D:1      | Reached XP level 3. HP: 25/25 MP: 2/6
  1956 | D:2      | Found Hosux's Jewellery Shop.
  1976 | D:2      | Found a faded altar of an unknown god.
  2309 | D:3      | Reached XP level 4. HP: 31/31 MP: 2/8
  2371 | D:3      | Noticed Jessica
  2373 | D:3      | Killed Jessica
  2374 | D:3      | Reached skill level 1 in Fighting
  2485 | D:3      | Learned a level 2 spell: Searing Ray
  2489 | D:3      | Learned a level 3 spell: Dazzling Flash
  2566 | D:3      | Found a hazy altar of Hepliaklqana.
  2746 | D:3      | Found Engy's Jewellery Shop.
  3349 | D:4      | You fall into a shaft and drop 2 floors!
  3354 | D:5      | Entered Level 5 of the Dungeon
  3362 | D:5      | Gained mutation: You may rarely emit foul miasma when
                  | damaged in melee. [demonic ancestry]
  3362 | D:5      | Reached XP level 5. HP: 37/37 MP: 4/9
  3411 | D:5      | Noticed a phantom
  3418 | D:5      | Killed a phantom
  3419 | D:5      | Reached skill level 5 in Conjurations
  3650 | D:4      | Noticed a wyvern
  3665 | D:4      | Killed a wyvern
  3666 | D:4      | Gained mutation: You sometimes emit foul miasma when
                  | damaged in melee. [demonic ancestry]
  3666 | D:4      | Reached XP level 6. HP: 7/44 MP: 3/11
  4232 | D:4      | Noticed a sky beast
  4247 | D:4      | Killed a sky beast
  4248 | D:4      | Gained mutation: You are mostly covered in sharp spines.
                  | [demonic ancestry]
  4248 | D:4      | Reached XP level 7. HP: 51/51 MP: 5/13
  4354 | D:$      | Got out of the dungeon alive.

Illustrated notes

Levels and vault maps discovered:
D:1:      onia_arrival_mini_spirals, layout_loops_corners
D:2:      layout_basic, serial_shops, shop, chequers_ecumenical_altar_twisty
D:3:      layout_loops_ring, worldfamousw_hep_ancestral_shrine, serial_shops,
          nicolae_shop_hallway_stairs, reono_crystal_passage, uniq_jessica
D:4:      layout_basic, uniq_menkaure
D:5:      old_forge, layout_cave_pods, roderic_batcave, corner_web_ring,
          kennysheep_nondescript
D:6:      layout_gridville, kennysheep_mini, tgw_xom,
          chequers_temple_overflow_minitemple, serial_shops, nicolae_shop_stone,
          grunt_decor_arrowhead, uniq_edmund

Skill      XL: |  1  2  3  4  5  6 |
---------------+-------------------+-----
Dodging        | 2 |  2.9
Stealth        | 2 3 |  3.2
Fighting       | 1 2 |  2.4
Spellcasting   | 3 4 |  4.1
Conjurations   | 5 |  5.7

Action                   |  1- 3 |  4- 6 |  7- 9 || total
-------------------------+-------+-------+-------++-------
Melee: Unarmed           |    20 |       |       ||    20
       Punch             |     1 |       |       ||     1
       Rapier            |       |     9 |       ||     9
       Touch             |       |     1 |       ||     1
 Cast: Magic Dart        |   101 |    75 |       ||   176
       Dazzling Flash    |       |     1 |       ||     1
Armor: Robe              |    13 |       |       ||    13
       Leather armour    |       |     1 |       ||     1
Dodge: Dodged            |    28 |    17 |       ||    45
